 Dungeon Crawl Stone Soup version 0.30-a0-29-g142975f185 (webtiles) character file.

Game seed: 4044342004112658487

244 Shayle the Sneak (level 5, -1/33 (38) HPs)
             Began as a Vampire Enchanter on Aug 27, 2022.
             Slain by Edmund
             ... wielding a +1 flail of draining
              (11 damage)
             ... on level 4 of the Dungeon.
             The game lasted 00:07:21 (2641 turns).

Shayle the Sneak (Vampire Enchanter)                Turns: 2641, Time: 00:07:22

HP:   -1/33 (38)    AC:  2    Str:  7    XL:     5   Next: 83%
MP:   0/9           EV: 13    Int: 20    God:
Gold: 157           SH:  0    Dex: 14    Spells: 7/9 levels left

rFire   . . .      SeeInvis +    k - +1 rapier (venom)
rCold   . . .      Faith    .    (no shield)
rNeg    + . .      Spirit   +    b - +0 robe
rPois   .          Reflect  .    (no helmet)
rElec   .          Harm     .    (no cloak)
rCorr   .          Rampage  .    (no gloves)
Will    .....                    (no boots)
Stlth   +++.......               r - amulet of guardian spirit
HPRegen 0.31/turn                j - ring of positive energy
MPRegen 0.11/turn                (no ring)

@: healing quickly, heavily drained
A: alive, fangs 3, see invisible, vampiric 2
a: Exsanguinate


You were on level 4 of the Dungeon.
You visited 1 branch of the dungeon, and saw 4 of its levels.

You collected 157 gold pieces.

Inventory:

Hand Weapons
 a - a +1 dagger
 c - a +0 vampiric hand axe
 k - a +1 rapier of venom (weapon)
Armour
 b - a +0 robe (worn)
Jewellery
 j - a ring of positive energy (left hand)
 r - an amulet of guardian spirit (around neck)
Scrolls
 d - a scroll of fear {unknown}
 f - a scroll of enchant armour {unknown}
 h - 3 scrolls of identify {unknown}
 i - 3 scrolls of blinking {unknown}
 n - a scroll of fog {unknown}
 o - a scroll of enchant weapon {unknown}
 p - a scroll of vulnerability {unknown}
Potions
 e - 2 potions of curing
 g - 2 potions of attraction {unknown}
 l - a potion of cancellation {unknown}
 m - a potion of might {unknown}
 q - 2 potions of haste {unknown}
 s - a potion of ambrosia {unknown}
 t - a potion of degeneration {unknown}


   Skills:
 + Level 1.9 Fighting
 - Level 1.1(1.8) Short Blades
 + Level 1.9(2.1) Long Blades
 + Level 3.4 Dodging
 + Level 5.8 Stealth
 + Level 2.8 Spellcasting
 + Level 5.5 Hexes


You had 7 spell levels left.
You knew the following spells:

 Your Spells              Type           Power      Damage    Failure   Level
a - Ensorcelled Hibernat  Hex/Ice        28%        N/A       7%          2

Your spell library contained the following spells:

 Spells                   Type           Power      Damage    Failure   Level
 Confusing Touch          Hex            25%        N/A       4%          3
 Tukima's Dance           Hex            25%        N/A       4%          3
 Apportation              Tloc           4%         N/A       14%         1
 Dazzling Flash           Conj/Hex       28%        N/A       14%         3
 Static Discharge         Conj/Air       4%         3-4/arc   22%         2
 Alistair's Intoxication  Tmut/Pois      1%         N/A       99%         5
 Lightning Bolt           Conj/Air       1%         1d12      99%         5
 Maxwell's Capacitive Co  Air            1%         ∞         100%        8


Dungeon Overview and Level Annotations

Branches:
Dungeon (4/15)
 Temple: D:4-7

Altars:

Annotations:
D:4 Edmund


Innate Abilities, Weirdness & Mutations

Your natural rate of healing is accelerated.
You have razor-sharp teeth.
You have supernaturally acute eyesight. (SInv)
You are afflicted with vampirism and can become a bat while bloodless.


Message History

You are no longer corroded.
You start resting.
Magic restored.
Edmund the Younger comes into view.
He is wielding a +1 flail of draining.
Found a stone staircase leading down.
Edmund shouts!
You hear a shout!
Edmund barely misses you.
Casting: Ensorcelled Hibernation (safe; 7% risk of failure)
Confirm with . or Enter, or press ? or * to list all spells.
Aiming: Ensorcelled Hibernation (safe; 7% risk of failure)
Press: ? - help, Shift-Dir - straight line, f - Edmund
Aim: Edmund, wielding a +1 flail of draining and wearing a +0 ring mail (chance to affect: 48%) Edmund looks drowsy...
The helpless Edmund fails to defend himself.
You puncture Edmund!
Edmund looks as sick as possible!
Edmund is moderately wounded.
Edmund grinds his teeth, and then sighs.
Edmund hits you with a +1 flail of draining.
You partially resist.
You feel drained.
You closely miss Edmund.
Edmund is heavily wounded.
Edmund hits you with a +1 flail of draining!
You partially resist.
You feel drained.
You hit Edmund.
Edmund looks as sick as possible!
Edmund is severely wounded.
Edmund hits you with a +1 flail of draining!
You partially resist.
You feel drained.
You closely miss Edmund.
The goblin shouts!
You bite Edmund.
Edmund is severely wounded.
A goblin comes into view. It is wielding a +0 short sword.
Edmund hits you with a +1 flail of draining.
* * * LOW HITPOINT WARNING * * *
You partially resist.
You feel drained.
Okay, then.
Unknown command.
Edmund attacks as you move away!
Edmund hits you with a +1 flail of draining!
You die...

..##.........###
..............g# #...
##.......g...# ....
.............# .....
.....###...g## ...>.
.....# #.....##
...... ..##.#
#.?PP..####......
.#...#
#..P.....#@..#...
.#..##
##.......@.......#
....#
##..##....#.....###
#.#.# #####....#
...... #...# ##...#
#........# #..##
..(.# ..........
##.### #.##.#
.......... #. ..
##..##.##.#........
## #.
##..##..#..#........
# #.##
##..###....##........


You could see Edmund (extremely poisoned) and 2 goblins.

Vanquished Creatures
  3 jellies (D:4)
  An orc priest (D:2)
  5 adders
  A white imp (D:4)
  A worm (D:2)
  2 dart slugs
  5 orcs
  8 endoplasms
  4 giant cockroaches
  7 goblins
  8 hobgoblins
  3 jackals (D:1)
  7 kobolds
  2 quokkas
  9 ball pythons
  4 bats
  5 frilled lizards (D:1)
  2 rats
77 creatures vanquished.

Notes
Turn   | Place    | Note
-------+----------+-------------------------------------------
     0 | D:1      | Shayle the Vampire Enchanter began the quest for the Orb.
     0 | D:1      | Reached XP level 1. HP: 13/13 MP: 3/3
   137 | D:1      | Reached XP level 2. HP: 19/19 MP: 5/5
   457 | D:1      | Learned a level 2 spell: Ensorcelled Hibernation
   520 | D:1      | Gained mutation: You are afflicted with vampirism and can
                  | become a bat while bloodless. [Vampire growth]
   520 | D:1      | Reached XP level 3. HP: 21/25 MP: 6/6
   663 | D:1      | Reached skill level 5 in Stealth
   780 | D:1      | Found a faded altar of an unknown god.
  1010 | D:2      | Reached skill level 1 in Long Blades
  1138 | D:2      | Reached skill level 5 in Hexes
  1296 | D:2      | Reached skill level 1 in Fighting
  1296 | D:2      | Reached XP level 4. HP: 23/32 MP: 4/7
  2374 | D:4      | Reached XP level 5. HP: 26/37 MP: 3/9
  2634 | D:4      | Noticed Edmund
  2641 | D:4      | Slain by Edmund

Illustrated notes

Levels and vault maps discovered:
D:1:      co_arrival_square_in_a_square_in_a_square, layout_basic,
          shapermc_ecumenical_altar_hornbeckon
D:2:      layout_rooms, minmay_misc_feat_iff, minmay_misc_feat_doors
D:3:      layout_basic, chequers_serial_rivers_micro_b
D:4:      layout_rooms, serial_demonic, serial_demonic_d, serial_demonic_g,
          serial_demonic_b, serial_demonic_c, serial_park_tiny_1,
          hangedman_decor_peaks_small, uniq_edmund, uniq_blork_the_orc

Skill      XL: |  1  2  3  4 |
---------------+-------------+-----
Stealth        | 5 |  5.8
Long Blades    | 1 |  1.9
Hexes          | 5 |  5.5
Fighting       | 1 |  1.9
Dodging        | 3 |  3.4
Short Blades   | |  1.1
Spellcasting   | |  2.8

Action                   |  1- 3 |  4- 6 || total
-------------------------+-------+-------++-------
Melee: Dagger            |   118 |       ||   118
       Bite              |    15 |     8 ||    23
       Punch             |     5 |     2 ||     7
       Rapier            |     2 |    73 ||    75
 Cast: Ensorcelled Hiber |     7 |     8 ||    15
  Use: Potion            |     3 |     3 ||     6
 Stab: Sleeping          |    14 |    18 ||    32
       Invisible         |     1 |     2 ||     3
       Distracted        |       |     1 ||     1
Armor: Robe              |    30 |     9 ||    39
Dodge: Dodged            |    90 |    49 ||   139

Table legend: (Time is in decaauts)
 A = Elapsed time spent in this place.
 B = Non-inter-level travel time spent in this place.
 C = Inter-level travel time spent in this place.
 D = Time resting spent in this place.
 E = Time spent auto-exploring this place.
 F = Levels seen in this place.
 G = Mean time per level.
                   A        B        C        D        E       F      G
               +--------+--------+--------+--------+--------+-----+--------+
         Total |   2648 |   2575 |     73 |    317 |   1481 |   4 |  662.0 |
       Dungeon |   2648 |   2575 |     73 |    317 |   1481 |   4 |  662.0 |
               +--------+--------+--------+--------+--------+-----+--------+

Top non-repeatable levels by time:
     D:1: 908 daAuts
     D:3: 746 daAuts
     D:2: 704 daAuts
     D:4: 289 daAuts
